 Dungeon Crawl Stone Soup version 0.26-a0-720-g2a1d101370 (webtiles) character file.

Game seed: 16552727648290497965

37 mg7810 the Skirmisher (level 3, 0/31 HPs)
             Began as a Draconian Monk on Nov 3, 2020.
             Succumbed to a killer bee's poison
             ... on level 2 of the Dungeon.
             The game lasted 00:04:19 (1478 turns).

mg7810 the Skirmisher (Draconian Monk)              Turns: 1478, Time: 00:04:20

Health: 0/31       AC:  6    Str: 14    XL:     3   Next: 21%
Magic:  3/3        EV: 13    Int: 10    God:
Gold:   86         SH:  0    Dex: 13    Spells: 2/2 levels left

rFire    . . .     SeeInvis .     - Unarmed
rCold    . . .     Faith    .   (no shield)
rNeg     . . .     Spirit   .   (armour unavailable)
rPois    .         Reflect  .   (helmet restricted)
rElec    .         Harm     .   (no cloak)
rCorr    .         Rampage  .   (no gloves)
MR       .....                  f - +0 pair of boots
Stlth    ++........             (no amulet)
HPRegen  0.10/turn              (no ring)
MPRegen  0.08/turn              (no ring)

@: brilliant, lethally poisoned (0 -> -7), stab
A: unfitting armour, cold-blooded, AC +5
a: no special abilities


You were on level 2 of the Dungeon.
You visited 1 branch of the dungeon, and saw 2 of its levels.

You collected 86 gold pieces.

Inventory:

Armour
 f - a +0 pair of boots (worn)
Scrolls
 d - a scroll of random uselessness
 e - 2 scrolls of identify
Potions
 c - a potion of curing
 g - a potion of flight {unknown}
 i - a potion of might {unknown}
 j - a potion of heal wounds


   Skills:
 + Level 3.5 Fighting
 + Level 3.2 Dodging
 + Level 2.0 Stealth
 + Level 3.5 Unarmed Combat


You had 2 spell levels left.
You didn't know any spells.
Your spell library was empty.

Dungeon Overview and Level Annotations

Branches:
Dungeon (2/15)

Altars:


Innate Abilities, Weirdness & Mutations

Your plain brown scales are hard. (AC +5)
You cannot fit into any form of body armour.
You are cold-blooded and may be slowed by cold attacks.


Message History

The killer bee stings you but does no damage.
The killer bee barely misses you.
You feel sick. The killer bee stings you.
The killer bee stings you but does no damage.
You feel sick. The killer bee stings you.
You are more poisoned.
The killer bee poisons you! The killer bee stings you.
* * * LOW HITPOINT WARNING * * *
* * * LOW HITPOINT WARNING * * *
You feel sick. The killer bee stings you.
* * * LOW HITPOINT WARNING * * *
The killer bee barely misses you.
You feel better. The killer bee barely misses you. The killer bee stings you.
* * * LOW HITPOINT WARNING * * *
You are lethally poisoned!
The killer bee poisons you!
The killer bee stings you but does no damage.
The killer bee stings you.
* * * LOW HITPOINT WARNING * * *
You die...

######### ###
#.......# #..
###y......######..
#..yygg.g......+..
#@##########.###..
#.# #######.###..
#.# #...........#
#.# .#####y###.#
#.# #.# #.# #+#
#y# #.# ... ..#
....#### ...g.#


You could see 3 killer bees and 3 goblins.

Vanquished Creatures
  An ooze (D:1)
  A dart slug (D:1)
  2 leopard geckos (D:1)
  2 bats (D:1)
  2 giant cockroaches (D:1)
  8 goblins
  3 hobgoblins (D:1)
  A ball python (D:1)
  3 frilled lizards (D:1)
  3 rats (D:1)
26 creatures vanquished.

Notes
Turn   | Place    | Note
-------+----------+-------------------------------------------
     0 | D:1      | mg7810 the Draconian Monk began the quest for the Orb.
     0 | D:1      | Reached XP level 1. HP: 19/19 MP: 1/1
   432 | D:1      | Reached XP level 2. HP: 16/26 MP: 2/2
   988 | D:1      | Reached XP level 3. HP: 31/31 MP: 3/3
  1461 | D:2      | Noticed a killer bee
  1461 | D:2      | Noticed a killer bee
  1461 | D:2      | Noticed a killer bee
  1461 | D:2      | Noticed a killer bee
  1476 | D:2      | HP: 1/31 [killer bee (6)]
  1478 | D:2      | Succumbed to a killer bee's poison

Illustrated notes

Levels and vault maps discovered:
D:1:      dpeg_arrival_tiny_i, layout_basic
D:2:      layout_basic, kennysheep_generic_room_12, uniq_robin

Skill      XL: |  1  2  3 |
---------------+----------+-----
Dodging        | 3 |  3.2
Stealth        | 2 |  2.0
Fighting       | |  3.5
Unarmed Combat | |  3.5

Action                   || total
-------------------------++-------
Melee: Unarmed           ||    88
       Tailslap          ||    14
       Punch             ||     1
  Use: Potion            ||     5
       Scroll            ||     2
Armor: Skin              ||    29
Dodge: Dodged            ||    82

Table legend: (Time is in decaauts)
 A = Elapsed time spent in this place.
 B = Non-inter-level travel time spent in this place.
 C = Inter-level travel time spent in this place.
 D = Time resting spent in this place.
 E = Time spent auto-exploring this place.
 F = Levels seen in this place.
 G = Mean time per level.
                   A        B        C        D        E       F      G
               +--------+--------+--------+--------+--------+-----+--------+
         Total |   1473 |   1473 |      0 |      0 |   1211 |   2 |  736.5 |
       Dungeon |   1473 |   1473 |      0 |      0 |   1211 |   2 |  736.5 |
               +--------+--------+--------+--------+--------+-----+--------+

Top non-repeatable levels by time:
     D:1: 1353 daAuts
     D:2: 119 daAuts
